 Dungeon Crawl Stone Soup version 0.25.1-2-g60ff931df9 (webtiles) character file.

Game seed: 8502160736832315936

40 H0rd4k the Insei (level 3, -2/23 HPs)
             Began as an Octopode Transmuter on Sept 22, 2020.
             Slain by a hobgoblin (6 damage)
             ... led by Robin
             ... on level 2 of the Dungeon.
             The game lasted 00:00:56 (1291 turns).

H0rd4k the Insei (Octopode Transmuter)              Turns: 1291, Time: 00:00:57

Health: -2/23      AC:  1    Str:  9    XL:     3   Next: 50%
Magic:  5/6        EV: 13    Int: 16    God:
Gold:   100        SH:  0    Dex: 12    Spells: 5/6 levels left

rFire    . . .     SeeInvis .     - Unarmed
rCold    . . .     Gourm    .   (no shield)
rNeg     . . .     Faith    .   (helmet restricted)
rPois    .         Spirit   .   (no amulet)
rElec    .         Reflect  .   (no ring)
rCorr    .         Harm     .   (no ring)
MR       .....                  (no ring)
Stlth    +++.......             (no ring)
HPRegen  0.07/turn              (no ring)
MPRegen  0.10/turn              (no ring)
                                (no ring)
                                (no ring)

@: very slightly contaminated
A: almost no armour, stealthy swim, amphibious, 8 rings, constrict 8, camouflage
1, gelatinous body 1
a: no special abilities


You were on level 2 of the Dungeon.
You were not hungry.

You visited 1 branch of the dungeon, and saw 2 of its levels.

You collected 100 gold pieces.

Inventory:

Missiles
 a - 46 arrows
Scrolls
 d - a scroll of magic mapping {unknown}
 e - a scroll of fear {unknown}
 g - a scroll of enchant armour {unknown}
Potions
 f - a potion of curing {unknown}
Comestibles
 b - 2 chunks of flesh
 c - 6 rations


   Skills:
 + Level 1.1 Fighting
 + Level 2.1 Dodging
 + Level 0.9 Stealth
 + Level 3.5 Unarmed Combat
 * Level 2.4 Spellcasting
 * Level 2.3 Transmutations


You had 5 spell levels left.
You knew the following spells:

 Your Spells              Type           Power        Failure   Level  Hunger
a - Beastly Appendage     Tmut           #.....       8%          1    #......

Your spell library contained the following spells:

 Spells                   Type           Power        Failure   Level  Hunger
 Sticks to Snakes         Tmut           #.......     12%         2    ###....
 Spider Form              Tmut/Pois      #.........   36%         3    ###....
 Ice Form                 Ice/Tmut       #.......     77%         4    #####..
 Blade Hands              Tmut           #.........   91%         5    ######.


Dungeon Overview and Level Annotations

Branches:
Dungeon (2/15)

Altars:
Dithmenos
Gozag
Hepliaklqana
Okawaru
Qazlal
Trog
Vehumet

Annotations:
D:2 Robin


Innate Abilities, Weirdness & Mutations

You cannot wear most types of armour.
You are very stealthy in the water. (Stealth+)
You are amphibious.
You can wear up to eight rings at the same time.
You can use your tentacles to constrict eight enemies at once.
Your skin changes colour to match your surroundings (Stealth+).
Your rubbery body absorbs attacks. (AC +1, EV +1)


Message History

The kobold is severely wounded.
You constrict the kobold, but do no damage.
The kobold hits you with a +0 short sword.
You tentacle-slap the kobold.
You kill the kobold!
Casting: Beastly Appendage (safe; 8% risk of failure)
Confirm with . or Enter, or press ? or * to list all spells.
You miscast Beastly Appendage.
You are very lightly contaminated with residual magic.
Nothing appears to happen.
Robin hits you with a +0 club.
You tentacle-slap Robin. Your grab misses Robin.
Robin is lightly wounded.
The hobgoblin closely misses you. Robin hits you with a +0 club.
* * * LOW HITPOINT WARNING * * *
Items here: )) †† a +0 short sword; a +0 club; a kobold corpse; a hobgoblin corpse The hobgoblin hits you.
* * * LOW HITPOINT WARNING * * *
The hobgoblin hits you.
You die...

#......###.(###..#
###......##..##.##.#
#........###..#.#..#
.....#.?...## ##......#
.... #......#.#.......#
.....#..g.......#######
.........#...###
.#+#####)#####
#....@g..# #######..#
...... ######'#


You could see a hobgoblin (strong).

Vanquished Creatures
  An adder (D:2)
  2 dart slugs (D:1)
  A ball python (D:1)
  4 goblins
  5 hobgoblins
  2 quokkas (D:2)
  3 bats
  A frilled lizard (D:1)
  4 kobolds
  A rat (D:1)
24 creatures vanquished.

Notes
Turn   | Place    | Note
-------+----------+-------------------------------------------
     0 | D:1      | H0rd4k the Octopode Transmuter began the quest for the Orb.
     0 | D:1      | Reached XP level 1. HP: 13/13 MP: 3/3
   306 | D:1      | Reached XP level 2. HP: 18/18 MP: 5/5
   932 | D:2      | Found a shadowy altar of Dithmenos.
   934 | D:2      | Found a radiant altar of Vehumet.
  1043 | D:2      | Found a hazy altar of Hepliaklqana.
  1043 | D:2      | Found an iron altar of Okawaru.
  1044 | D:2      | Found a stormy altar of Qazlal.
  1045 | D:2      | Found a bloodstained altar of Trog.
  1046 | D:2      | Found an opulent altar of Gozag.
  1090 | D:2      | Reached XP level 3. HP: 19/23 MP: 6/6
  1277 | D:2      | Noticed Robin
  1291 | D:2      | Slain by a hobgoblin

Illustrated notes

Levels and vault maps discovered:
D:1:      dpeg_arrival_oval, layout_basic
D:2:      layout_basic, minitemple, minmay_between, uniq_natasha, uniq_terence,
          uniq_robin

Action                   || total
-------------------------++-------
Melee: Unarmed           ||    72
       Constrict         ||    17
       Tentacles         ||    10
 Stab: Sleeping          ||     2
  Eat: Chunk             ||     1
Armor: Skin              ||     6
Dodge: Dodged            ||    50
